 Dungeon Crawl Stone Soup version 0.29.1-13-g9f3cf754e1 (webtiles) character file.

Game seed: 12664740832617341470

6 Thatpatchoflichen the Shooter (level 1, -1/12 HPs)
             Began as a Deep Elf Hunter on Jan 31, 2023.
             Slain by a gnoll
             ... wielding a +0 spear
              (8 damage)
             ... on level 1 of the Dungeon.
             The game lasted 00:01:00 (65 turns).

Thatpatchoflichen the Shooter (Deep Elf Hunter)       Turns: 65, Time: 00:01:00

Health: -1/12      AC:  3    Str:  8    XL:     1   Next: 75%
Magic:  3/3        EV: 12    Int: 13    God:
Gold:   20         SH:  0    Dex: 18    Spells: 0/0 levels left

rFire   . . .      SeeInvis .   a - +0 shortbow
rCold   . . .      Faith    .   (shield currently unavailable)
rNeg    . . .      Spirit   .   c - +0 leather armour
rPois   .          Reflect  .   (no helmet)
rElec   .          Harm     .   (no cloak)
rCorr   .          Rampage  .   (no gloves)
Will    .....                   (no boots)
Stlth   ++........              (no amulet)
HPRegen 0.04/turn               (no ring)
MPRegen 0.08/turn               (no ring)

@: no status effects
A: no striking features
a: no special abilities


You were on level 1 of the Dungeon.
You visited 1 branch of the dungeon, and saw 2 of its levels.

You collected 20 gold pieces.

Inventory:

Hand Weapons
 a - a +0 shortbow (weapon)
Armour
 c - a +0 leather armour (worn)
Scrolls
 b - a scroll of immolation


   Skills:
 + Level 1.7 Fighting
 + Level 5.4 Ranged Weapons
 + Level 2.6 Dodging
 + Level 1.6 Stealth


You couldn't memorise any spells.
You didn't know any spells.
Your spell library contained the following spells:

 Spells                   Type           Power      Damage    Failure   Level
 Portal Projectile        Hex/Tloc       0%         N/A       80%         3
 Tukima's Dance           Hex            0%         N/A       80%         3
 Blade Hands              Tmut           0%         N/A       100%        5


Dungeon Overview and Level Annotations

Branches:
Dungeon (2/15)

Altars:


Message History

Found a scroll labelled ACZAEZ NUITH.
Fire: a) +0 shortbow
Press: ? - help, Q - select action Shift-Dir - straight line, f - kobold
Aim: a kobold, wielding a +0 club (asleep, 98% to hit)
You shoot an arrow. The arrow hits the kobold.
The kobold shouts!
The kobold is moderately wounded.
Fire: a) +0 shortbow
Press: ? - help, Q - select action Shift-Dir - straight line, f/p - kobold
Aim: a kobold, wielding a +0 club (moderately wounded, 56% to hit)
You shoot an arrow. The arrow hits the kobold.
You kill the kobold!
Unknown command.
Fire: a) +0 shortbow
Press: ? - help, Q - select action Shift-Dir - straight line, f - you
Okay, then.
You now have 20 gold pieces (gained 9).
A rat comes into view.
There is a stone staircase leading down here.
You climb downwards.
The gnoll shouts!
The endoplasm quivers.
The gnoll shouts! x3; You hear an angry hiss.
Found 14 gold pieces.
There is a stone staircase leading up here.
Okay, then.
The gnoll misses you. The gnoll hits you with a +0 spear.
You climb upwards.
An endoplasm comes into view.
There is a stone staircase leading down here.
Fire: a) +0 shortbow
Press: ? - help, Q - select action Shift-Dir - straight line, f - gnoll
Aim: a gnoll, wielding a +0 spear (66% to hit)
You shoot an arrow. The endoplasm quivers.
The arrow hits the gnoll.
The gnoll is moderately wounded.
The rat closely misses you. The gnoll hits you with a +0 spear!
Ouch! That really hurt!
You die...

#..............#......
#..............#......
#....#.........#..⌠...
####.##.......##......
.######.####..##..+....<.
..[.....#......#.##......
#...........#..⌠...
###.g........##......
#...@.........#......
#.#r#...>..##.#####+#
♣.#..#.##### ... ? .#.#.#
.## .♣J♣#...# # .♣..
##..# .♣.♣ #. ..


You could see a gnoll, an endoplasm and a rat.

Vanquished Creatures
  A bat (D:1)
  An endoplasm (D:1)
  A kobold (D:1)
  3 rats (D:1)
6 creatures vanquished.

Notes
Turn   | Place    | Note
-------+----------+-------------------------------------------
     0 | D:1      | Thatpatchoflichen the Deep Elf Hunter began the quest for
                  | the Orb.
     0 | D:1      | Reached XP level 1. HP: 12/12 MP: 3/3
    65 | D:1      | Slain by a gnoll

Illustrated notes

Levels and vault maps discovered:
D:1:      mushboom_english_gardens, layout_rooms,
          hellmonk_ecumenical_altar_slurped_away, kennysheep_crisscross
D:2:      layout_loops_ring, serial_shops, shop

Action                   || total
-------------------------++-------
 Fire: Shortbow          ||    21
Armor: Leather armour    ||     3
Dodge: Dodged            ||    10
